 Dungeon Crawl Stone Soup version 0.29.1-15-g9cfb28693d (webtiles) character file.

Game seed: 8387917334887279592

2085324 p0werm0de the Tortoise (level 20, 191/191 HPs)
             Began as a Minotaur Fighter on Apr 16, 2023.
             Was an Elder of Cheibriados.
             Escaped with the Orb
             ... and 3 runes!
             The game lasted 00:27:07 (38080 turns).

p0werm0de the Tortoise (Minotaur Fighter)          Turns: 38080, Time: 00:27:08

Health: 191/191    AC: 58    Str: 36    XL:     20   Next: 86%
Magic:  30/30      EV: 17    Int: 14    God:    Cheibriados [****..]
Gold:   1772       SH: 26    Dex: 26    Spells: 19/19 levels left

rFire   + . .      SeeInvis .   a - +8 war axe (elec)
rCold   + . .      Faith    .   o - +2 tower shield {AC+3}
rNeg    . . .      Spirit   .   b - +5 gold dragon scales
rPois   +          Reflect  .   j - +2 hat {Will+}
rElec   .          Harm     .   O - +2 cloak
rCorr   .          Rampage  .   y - +2 pair of gloves
Will    +++..                   B - +1 pair of boots "Coastoer" {rPois Dex+2}
Stlth   ..........              Y - amulet of regeneration
HPRegen 1.21/turn               N - ring of the Tortoise {AC+8}
MPRegen 0.22/turn               p - +4 ring of protection

@: studying Armour, very slow
A: horns 2, retaliatory headbutt, iridescent scales 1, thin skeletal structure
1, strong-willed 1, MP-powered wands, sturdy frame 1
0: Orb of Zot
}: 3/15 runes: decaying, serpentine, abyssal
a: Renounce Religion, Bend Time, Temporal Distortion, Slouch


You escaped.
You worshipped Cheibriados.
Cheibriados was greatly pleased with you.
You visited 8 branches of the dungeon, and saw 40 of its levels.
You visited the Abyss 1 time.
You also visited: Ice Cave.

You collected 3719 gold pieces.
You spent 1947 gold pieces at shops.

Inventory:

Hand Weapons
 a - a +8 war axe of electrocution (weapon)
   (You took it off a naga on level 4 of the Snake Pit)
 h - the +5 war axe of Sulphur {vamp, Str+3}
   (You acquired it on level 3 of the Realm of Zot)

   It occasionally heals its wielder for a portion of the damage dealt when it
   wounds a living foe.
   Str:       It affects your strength (+3).
 k - a +2 broad axe
   (You took it off a tengu warrior on level 1 of the Depths)
Missiles
 D - 3 throwing nets (quivered)
 U - 11 curare-tipped darts
Armour
 b - +5 gold dragon scales (worn)
   (You found it on level 3 of the Depths)
 e - a +0 tower shield of cold resistance
   (You took it off Louise on level 2 of the Swamp)
 j - a +2 hat of willpower (worn)
   (You found it on level 3 of the Dungeon)
 o - a +2 tower shield of protection (worn)
   (You took it off a naga warrior on level 4 of the Snake Pit)
 y - a +2 pair of gloves (worn)
   (You found it in an ice cave)
 B - the +1 pair of boots "Coastoer" (worn) {rPois Dex+2}
   (You acquired it on level 5 of the Lair of Beasts)

   Dex:       It affects your dexterity (+2).
   rPois:     It protects you from poison.
 O - a +2 cloak (worn)
   (You bought it in a shop on level 12 of the Dungeon)
Jewellery
 i - a ring of see invisible
   (You found it on level 1 of the Snake Pit)
 l - a ring of resist corrosion
   (You found it on level 8 of the Dungeon)
 p - a +4 ring of protection (right hand)
   (You found it on level 11 of the Dungeon)
 K - a ring of fire
   (You found it on level 10 of the Dungeon)
 N - the ring of the Tortoise (left hand) {AC+8}
   (You found it on level 12 of the Dungeon)

   [ring of protection]

   AC:        It affects your AC (+8).
 Y - an amulet of regeneration (around neck)
   (You bought it in a shop on level 1 of the Snake Pit)
Wands
 v - a wand of digging (19)
   (You found it on level 4 of the Snake Pit)
 G - a wand of charming (8)
   (You found it on level 9 of the Dungeon)
 P - a wand of acid (6)
   (You found it on level 1 of the Swamp)
 T - a wand of iceblast (1)
   (You found it on level 2 of the Lair of Beasts)
 V - a wand of mindburst (15)
   (You found it on level 5 of the Lair of Beasts)
Scrolls
 c - a scroll of silence
 f - 8 scrolls of poison
 g - 4 scrolls of fear
 r - 13 scrolls of identify
 u - 2 scrolls of summoning
 z - a scroll of blinking
 A - 2 scrolls of vulnerability
 C - 2 scrolls of torment
 E - 4 scrolls of immolation
 M - 6 scrolls of butterflies
Potions
 d - 7 potions of might
 m - 7 potions of flight
 n - 3 potions of resistance
 q - 5 potions of curing
 s - 2 potions of ambrosia
 x - 5 potions of berserk rage
 F - 8 potions of attraction
 L - 3 potions of mutation
 Q - a potion of magic
 X - 7 potions of lignification
 Z - a potion of invisibility
Miscellaneous
 W - a lightning rod (4/4)
   (You found it on level 5 of the Lair of Beasts)


   Skills:
 * Level 19.3 Fighting
 * Level 19.3 Axes
 * Level 20.9 Armour
 + Level 13.0 Dodging
 * Level 19.4 Shields
 * Level 15.4 Invocations
 + Level 11.0 Evocations


You had 19 spell levels left.
You didn't know any spells.
Your spell library contained the following spells:

 Spells                   Type           Power      Damage    Failure   Level
 Apportation              Tloc           0%         N/A       97%         1
 Foxfire                  Conj/Fire      0%         2x1d4     97%         1
 Necrotise                Necr           0%         1d4       97%         1
 Shock                    Conj/Air       0%         1d3       97%         1
 Summon Small Mammal      Summ           0%         N/A       97%         1
 Ensorcelled Hibernation  Hex/Ice        0%         N/A       99%         2
 Passwall                 Tmut/Erth      0%         N/A       99%         2
 Poisonous Vapours        Pois/Air       0%         N/A       99%         2
 Call Canine Familiar     Summ           0%         N/A       100%        3
 Conjure Flame            Conj/Fire      0%         6-21      100%        3
 Dazzling Flash           Conj/Hex       0%         N/A       100%        3
 Ignite Poison            Fire/Tmut/Pois 0%         N/A       100%        3
 Inner Flame              Hex/Fire       0%         N/A       100%        3
 Mephitic Cloud           Conj/Pois/Air  0%         N/A       100%        3
 Ozocubu's Armour         Ice            0%         N/A       100%        3
 Portal Projectile        Hex/Tloc       0%         N/A       100%        3
 Swiftness                Air            0%         N/A       100%        3
 Tukima's Dance           Hex            0%         N/A       100%        3
 Airstrike                Air            0%         2d(0-16)  100%        4
 Corpse Rot               Necr/Pois/Air  0%         N/A       100%        4
 Dispel Undead            Necr           0%         3d6       100%        4
 Flame Wave               Conj/Fire      0%         2d4       100%        4
 Leda's Liquefaction      Hex/Erth       0%         N/A       100%        4
 Passage of Golubria      Tloc           0%         N/A       100%        4
 Summon Lightning Spire   Summ/Air       0%         N/A       100%        4
 Agony                    Necr           0%         N/A       100%        5
 Alistair's Intoxication  Tmut/Pois      0%         N/A       100%        5
 Blade Hands              Tmut           0%         N/A       100%        5
 Freezing Cloud           Conj/Ice/Air   0%         6-21      100%        5
 Irradiate                Conj/Tmut      0%         3d11      100%        5
 Lightning Bolt           Conj/Air       0%         1d11      100%        5
 Silence                  Hex/Air        0%         N/A       100%        5
 Summon Forest            Summ/Tloc      0%         N/A       100%        5
 Summon Mana Viper        Hex/Summ       0%         N/A       100%        5
 Yara's Violent Unravell  Hex/Tmut       0%         3d3       100%        5
 Death Channel            Necr           0%         N/A       100%        6
 Dispersal                Tloc           0%         N/A       100%        6
 Summon Cactus Giant      Summ           0%         N/A       100%        6
 Dragon Form              Tmut           0%         N/A       100%        7
 Ozocubu's Refrigeration  Ice            0%         4d7       100%        7
 Disjunction              Tloc           0%         N/A       100%        8


Dungeon Overview and Level Annotations

Branches:
Dungeon (15/15)            Temple (1/1) D:6            Lair (5/5) D:10
  Swamp (4/4) Lair:2        Snake (4/4) Lair:3        Slime (0/5) Lair:4
    Orc (2/2) D:11            Elf (0/3) Orc:2        Vaults (0/5) D:13
 Depths (4/4) D:15            Zot (5/5) Depths:4      IceCv (visited)

Altars:
Ashenzari
Cheibriados
Dithmenos
Elyvilon
Fedhas
Gozag
Hepliaklqana
Kikubaaqudgha
Nemelex Xobeh
Qazlal
Ru
Sif Muna
Trog
Vehumet
Wu Jian
Xom
Zin
Jiyva

Shops:
D:1 (   D:12 [   Orc:2 :?[*[   Snake:1 ::=   Snake:2 ?**=   Snake:3 **

Portals:
Hell: Depths:4
Abyss: Depths:3
Pandemonium: Orc:2 Depths:4

Annotations:
D:7 2 transporters, windycow's ghost, novice MiFi
Lair:3 1 runed translucent door, p0werm0de's ghost, journeyman MiFi
Snake:2 exclusion: 2 oklob plants


Innate Abilities, Weirdness & Mutations

You have a pair of horns on your head.
You reflexively headbutt those who attack you in melee.
You are partially covered in iridescent scales. (AC +2)
You have a somewhat thin skeletal structure. (Dex +2, Stealth+)
You are strong-willed. (Will+)
You expend magic power (3 MP) to strengthen your wands.
Your movements are slightly less encumbered by armour. (ER -2)


Message History

Your body is wracked with pain!
* * * LOW HITPOINT WARNING * * *
You climb upwards.
There is a stone staircase leading down here.
Unknown command.
(D) Dungeon (T) Temple (L) Lair (S) Swamp (P) Snake Pit (M) Slime Pits (O) Orcish Mines (E) Elven Halls (V) Vaults (U) Depths (H) Hell (Z) Zot
Where to? (Enter - D:1 @ (x,y), ? - help)
There is an open door here.
You open the door.
There is an open door here.
There is a stone staircase leading up here.
You climb upwards.
There is a stone staircase leading down here.
There is a stone staircase leading up here.
You climb upwards.
There is a stone staircase leading down here.
There is an open door here.
A shadow demon comes into view.
The shadow demon moves out of view.
The shadow demon gestures.
The shadow demon gestures.
You block the bat's attack. x2
You slash the bat! Lightning courses through the bat!
You kill the bat!
The bat's corpse dissolves into shadows!
You hit the shadow demon but do no damage.
You slice the kobold!!
You kill the kobold!
The kobold's corpse dissolves into shadows!
You block the shadow demon's attack.
You can't go up here!
Unknown command.
The shadow demon attacks as you move away!
You block the shadow demon's attack. You block the bat's attack.
There is a staircase leading out of the dungeon here.
You block the bat's attack. You block the shadow demon's attack.
The kobold closely misses you.
You have escaped!

#........###'###...........##
#....##..#8.[.8#..##........#
#...####.##.#.##.####(.......
#####....##..#8.#.8#..##......###
.............##.#.##........#.#
###.#.########8...8########.#.#
#.#.#8#8#8#8#...#8#8#8#8#.#.#
#.#.#........K..........#.#.#
#...'.#####.b.@...#####.'...###
###.#........2..........#......
#.#8#8#8#8#...#8#8#8#8#.#.###
#.########8...8########.#.#
#........##.#.##.......†#.###
#####....##..#8.#.8#..##.........
.....(..####.##.#.##.####......#.
#####....##..#8...8#..##.........
#........###+###.............


You could see a shadow demon, a bat (summoned) and a kobold (summoned).

Vanquished Creatures
  An ancient lich (Zot:1)
  A pandemonium lord (Zot:1)
  Bai Suzhen (Swamp:4)
  A curse toe (Zot:2)
  9 caustic shrikes (Depths:4)
  6 golden dragons
  2 bone dragons
  A Hell Sentinel (Zot:1)
  2 tentacled monstrosities
  2 Orb Guardians
  3 quicksilver dragons (Zot:3)
  A lich (Depths:1)
  Frances (D:12)
  2 tentacled starspawn
  2 death cobs
  A sphinx (Depths:3)
  The ghost of raph the Executioner, an adept HOBe of Trog (Swamp:2)
  4 storm dragons
  2 thorn hunters
  2 nagarajas (Snake:4)
  2 fire giants
  4 draconian monks
  A shadow dragon (Zot:2)
  2 draconian knights
  A revenant (Abyss:2)
  6 draconian scorchers
  An orc warlord (Orc:1)
  5 frost giants
  2 draconian shifters
  Louise (Swamp:2)
  13 very ugly things
  A draconian annihilator (Zot:2)
  4 stone giants
  A caustic shrike skeleton (Depths:1)
  4 grey draconians (Zot:4)
  A vampire knight (Depths:1)
  6 black draconians
  6 eleionomae
  8 white draconians
  4 bunyips
  4 yellow draconians
  5 red draconians
  9 green draconians
  A dire elephant (D:15)
  12 purple draconians
  Snorg (Lair:3)
  3 ettins
  A shambling mangrove (Swamp:2)
  A great orb of eyes (shapeshifter) (Abyss:4)
  3 rakshasas
  A spriggan zombie (Depths:1)
  2 vault guards (D:13)
  22 hydras
  Erolcha (D:11)
  A boulder beetle (D:13)
  2 ghost crabs
  4 salamander tyrants (Snake:4)
  3 ice dragons
  Erica (D:9)
  10 two-headed ogres
  2 demonspawn (Orc:2)
  3 catoblepae
  3 anacondas
  10 alligators
  21 naga warriors
  8 deep troll shamans
  4 centaur warriors
  8 deep troll earth magi
  2 spriggan berserkers
  4 shock serpents
  6 death yaks (Lair:5)
  4 tengu warriors
  4 naga sharpshooters
  5 orc high priests (Orc:2)
  A vampire mage (Depths:2)
  8 thrashing horrors (Abyss:4)
  Sonja (Lair:5)
  4 hell knights
  2 sun demons (D:9)
  7 iron trolls
  3 sixfirhies
  2 wretched stars
  5 salamander mystics (Snake:4)
  A storm dragon skeleton (Abyss:2)
  4 spriggan druids
  Lodul (D:12)
  3 glowing orange brains
  3 bog bodies
  3 wizards
  4 necromancers
  10 deep trolls
  9 swamp dragons
  3 naga ritualists
  Pikel (D:7)
  12 starcursed masses
  3 phantasmal warriors (Snake:2)
  6 orc knights
  A sphinx zombie (Depths:1)
  A deep elf pyromancer (D:12)
  8 cyclopes
  3 will-o-the-wisps
  7 mana vipers
  7 orc sorcerers (Orc:2)
  28 ugly things
  3 manticores
  A wolf spider (D:15)
  11 salamanders
  6 moths of wrath
  2 worldbinders
  22 elephants
  15 naga magi
  A rust devil (Abyss:2)
  22 black mambas
  3 guardian serpents (Snake:4)
  A smoke demon (Abyss:4)
  Joseph (D:9)
  3 gargoyles
  An ice statue (D:10)
  8 cane toads
  9 unseen horrors
  2 hellions
  2 orange demons
  A demonic crawler (Abyss:4)
  4 rime drakes
  10 komodo dragons
  A hellwing (Abyss:4)
  An ice devil (Orc:2)
  3 tengu conjurers
  An ancient zyme (Abyss:4)
  6 trolls
  A freezing wraith (D:15)
  A tormentor (D:8)
  3 meliai (D:13)
  A spectral naga (Snake:2)
  Grinder (D:4)
  A blink frog (shapeshifter) (D:15)
  10 hornets
  4 polar bears
  4 raiju (Abyss:4)
  21 blink frogs
  5 tyrant leeches
  A slime creature (D:12)
  3 dream sheep (Lair:5)
  An air elemental (Abyss:2)
  20 spriggans
  3 ynoxinuls (Abyss:4)
  A vampire (D:12)
  10 water elementals
  4 wyverns
  A shadow (D:10)
  32 yaks
  Eustachio (D:5)
  4 neqoxecs
  20 large abominations
  A steam dragon (D:8)
  20 humans (D:13)
  3 basilisks
  6 chaos spawn
  23 vampire mosquitoes
  15 swamp worms
  A death yak simulacrum (IceCv)
  48 nagas
  11 water moccasins
  A sky beast (Abyss:2)
  10 swamp drakes
  37 orc warriors
  4 ice beasts
  A glowing shapeshifter skeleton (Depths:1)
  5 black bears
  10 centaurs
  21 ogres
  3 boggarts (Lair:5)
  16 wolves (Lair:5)
  2 kobold brigands
  A lemure (D:7)
  14 bullfrogs
  3 necrophages
  An earth elemental (Abyss:4)
  2 gnoll sergeants
  A glowing shapeshifter simulacrum (Depths:1)
  6 scorpions
  A cane toad simulacrum (IceCv)
  6 wights
  9 small abominations
  4 killer bees (D:10)
  2 elephant simulacra (IceCv)
  3 howler monkeys
  A crimson imp (Abyss:2)
  A lava snake (D:12)
  A quasit (Abyss:2)
  4 jellies
  5 hounds
  25 orc priests
  2 gnoll boudas
  Jessica (D:3)
  Natasha (thrice) (D:2)
  Terence (D:3)
  3 iguanas
  15 orc wizards
  Robin (D:2)
  18 gnolls
  8 adders
  3 river rats (D:5)
  A shadow imp (D:8)
  An ufetubus (D:6)
  4 worms
  3 dart slugs
  80 orcs
  7 endoplasms
  6 giant cockroaches
  14 goblins
  8 hobgoblins
  3 jackals (D:3)
  2 quokkas
  6 ball pythons
  2 bats
  6 frilled lizards
  11 kobolds
  5 rats
  2 briar patches (Swamp:4)
  2 foxfires (Swamp:2)
  2 lurking horrors (Abyss:4)
  3 starspawn tentacles (Abyss:4)
1284 creatures vanquished.

Vanquished Creatures (collateral kills)
  A golden dragon (Zot:4)
  A storm dragon (Zot:4)
  A draconian annihilator (Zot:4)
  A purple draconian (Zot:4)
4 creatures vanquished.

Vanquished Creatures (others)
  A tentacled monstrosity (Zot:2)
  A spriggan berserker (Swamp:4)
  A salamander mystic (Snake:4)
  An orc (Orc:2)
  5 briar patches
  25 foxfires
  31 fungi
  111 plants
  9 starspawn tentacles (Abyss:4)
185 creatures vanquished.

Grand Total: 1473 creatures vanquished

Notes
Turn   | Place    | Note
-------+----------+-------------------------------------------
     0 | D:1      | p0werm0de the Minotaur Fighter began the quest for the Orb.
     0 | D:1      | Reached XP level 1. HP: 19/19 MP: 0/0
   223 | D:1      | Reached XP level 2. HP: 24/27 MP: 1/1
   902 | D:1      | Found Deniar's Weapon Boutique.
  1039 | D:2      | Noticed Natasha
  1047 | D:2      | Killed Natasha
  1048 | D:2      | Reached skill level 4 in Armour
  1048 | D:2      | Reached skill level 1 in Dodging
  1048 | D:2      | Reached XP level 3. HP: 14/33 MP: 2/2
  1408 | D:2      | Noticed Natasha
  1425 | D:2      | Killed Natasha
  1426 | D:2      | Reached XP level 4. HP: 37/41 MP: 3/3
  1479 | D:2      | Found a shimmering blue altar of Sif Muna.
  1495 | D:2      | Noticed Robin
  1506 | D:2      | Killed Robin
  1804 | D:2      | Found a faded altar of an unknown god.
  1832 | D:2      | Noticed Natasha
  1837 | D:2      | Killed Natasha
  1838 | D:2      | Reached XP level 5. HP: 41/47 MP: 4/4
  2509 | D:3      | Noticed Jessica
  2513 | D:3      | Killed Jessica
  2814 | D:3      | Reached skill level 5 in Armour
  2814 | D:3      | Reached XP level 6. HP: 46/55 MP: 5/5
  2817 | D:3      | Reached skill level 5 in Fighting
  2817 | D:3      | Reached skill level 5 in Shields
  3014 | D:3      | Noticed Terence
  3018 | D:3      | Killed Terence
  3691 | D:4      | Noticed Grinder
  3706 | D:4      | Killed Grinder
  3707 | D:4      | Reached skill level 5 in Axes
  3707 | D:4      | Reached XP level 7. HP: 17/62 MP: 6/6
  4355 | D:4      | Reached skill level 1 in Evocations
  4538 | D:5      | Entered Level 5 of the Dungeon
  4594 | D:5      | Noticed Eustachio
  4599 | D:5      | Reached skill level 6 in Armour
  4606 | D:5      | Killed Eustachio
  4624 | D:5      | Reached XP level 8. HP: 42/70 MP: 7/7
  4755 | D:5      | Found a white marble altar of Elyvilon.
  5174 | D:5      | Found a sacrificial altar of Ru.
  5351 | D:5      | Reached skill level 7 in Armour
  5851 | D:6      | Reached XP level 9. HP: 51/79 MP: 8/8
  6008 | D:6      | Found a staircase to the Ecumenical Temple.
  6152 | Temple   | Entered the Ecumenical Temple
  6350 | Temple   | Became a worshipper of Cheibriados the Contemplative
  6788 | D:6      | Reached skill level 1 in Invocations
  6793 | D:6      | Reached * piety under Cheibriados
  7012 | D:7      | Reached skill level 8 in Armour
  7086 | D:7      | Noticed a moth of wrath
  7087 | D:7      | Noticed windycow's ghost (novice MiFi)
  7186 | D:7      | Noticed Pikel
  7203 | D:7      | Killed Pikel
  7268 | D:7      | Found a transporter.
  7269 | D:7      | Found a bloodstained altar of Trog.
  7276 | D:7      | Found a transporter.
  7292 | D:7      | You fall into a shaft and drop 2 floors!
  7482 | D:9      | Noticed Erica
  7491 | D:9      | Killed Erica
  7492 | D:9      | Reached XP level 10. HP: 58/90 MP: 11/11
  7905 | D:8      | Reached ** piety under Cheibriados
  7910 | D:8      | Reached skill level 5 in Dodging
  8642 | D:9      | Noticed Joseph
  8654 | D:9      | Killed Joseph
  8659 | D:9      | Reached skill level 9 in Armour
  9618 | D:9      | Reached *** piety under Cheibriados
  9714 | D:9      | Identified the +3 falchion of Ashenzari {spect, Str+3}
 10015 | D:10     | Entered Level 10 of the Dungeon
 10034 | D:10     | Reached XP level 11. HP: 86/97 MP: 13/13
 10628 | D:10     | Noticed a two-headed ogre
 10636 | D:10     | Killed a two-headed ogre
 10636 | D:10     | Reached **** piety under Cheibriados
 10637 | D:10     | Reached skill level 5 in Invocations
 10788 | D:10     | Reached skill level 10 in Armour
 11030 | D:10     | Found a staircase to the Lair.
 11204 | D:11     | Noticed Erolcha
 11205 | D:11     | Noticed a two-headed ogre
 11214 | D:11     | Killed a two-headed ogre
 11215 | D:11     | Reached skill level 10 in Fighting
 11215 | D:11     | Reached skill level 10 in Shields
 11227 | D:11     | Killed Erolcha
 11579 | D:11     | Found a staircase to the Orcish Mines.
 11771 | D:11     | Found a stormy altar of Qazlal.
 11859 | D:11     | Reached skill level 10 in Axes
 12258 | D:12     | Noticed a four-headed hydra
 12274 | D:12     | Killed a four-headed hydra
 12459 | D:12     | Reached skill level 5 in Evocations
 12459 | D:12     | Noticed a two-headed ogre
 12464 | D:12     | Noticed a two-headed ogre
 12468 | D:12     | Killed a two-headed ogre
 12469 | D:12     | Reached XP level 12. HP: 94/108 MP: 15/15
 12469 | D:12     | Noticed a fire giant
 12480 | D:12     | Killed a fire giant
 12483 | D:12     | Killed a two-headed ogre
 12484 | D:12     | Reached skill level 11 in Armour
 12488 | D:12     | Noticed a two-headed ogre
 12495 | D:12     | Noticed a two-headed ogre
 12496 | D:12     | Killed a two-headed ogre
 12497 | D:12     | Noticed a two-headed ogre
 12504 | D:12     | Killed a two-headed ogre
 12507 | D:12     | Noticed a two-headed ogre
 12509 | D:12     | Killed a two-headed ogre
 12518 | D:12     | Killed a two-headed ogre
 12685 | D:12     | Noticed a two-headed ogre
 12697 | D:12     | Killed a two-headed ogre
 12780 | D:12     | Found the ring of the Tortoise {AC+8}
 12895 | D:12     | Reached ***** piety under Cheibriados
 12958 | D:12     | Found Gixihoc's Antique Armour Shoppe.
 12966 | D:12     | Bought a runed cloak for 150 gold pieces
 13261 | D:12     | Noticed an eight-headed hydra
 13269 | D:12     | Killed a nine-headed hydra
 13441 | D:12     | Noticed a two-headed ogre
 13447 | D:12     | Killed a two-headed ogre
 13517 | D:13     | Noticed Lodul
 13529 | D:12     | Killed Lodul
 13657 | D:13     | Noticed Frances
 13680 | D:12     | Killed Frances
 13681 | D:12     | Reached skill level 12 in Armour
 13681 | D:12     | Reached XP level 13. HP: 55/117 MP: 11/17
 14352 | D:13     | Found an ornate altar of the Wu Jian Council.
 14838 | D:13     | Identified the +9 whip "Geibullo" {vorpal, Str+3}
 14844 | D:13     | Found a gate to the Vaults.
 15235 | Orc:1    | Entered Level 1 of the Orcish Mines
 15365 | Orc:1    | Noticed an orc warlord
 15398 | Orc:1    | Killed an orc warlord
 15778 | Orc:1    | Reached ****** piety under Cheibriados
 15935 | Orc:2    | Entered Level 2 of the Orcish Mines
 15936 | Orc:2    | Found Qick's Antique Armour Boutique.
 16219 | Orc:2    | Found a staircase to the Elven Halls.
 16675 | Orc:2    | Found Uraeh's General Store.
 16685 | Orc:2    | Found Welli's Magic Scroll Shop.
 17152 | Orc:2    | Bought a scroll of teleportation for 51 gold pieces
 17152 | Orc:2    | Bought a potion of mutation for 136 gold pieces
 17154 | Orc:2    | Bought a scroll of blinking for 105 gold pieces
 17154 | Orc:2    | Bought a scroll of enchant weapon for 105 gold pieces
 17154 | Orc:2    | Bought a scroll of enchant armour for 105 gold pieces
 17154 | Orc:2    | Bought a scroll of enchant armour for 105 gold pieces
 17154 | Orc:2    | Bought a scroll of identify for 28 gold pieces
 17154 | Orc:2    | Bought a scroll of summoning for 133 gold pieces
 17156 | Orc:2    | Bought a +0 pair of boots for 76 gold pieces
 17277 | Orc:2    | Reached skill level 13 in Armour
 17279 | Orc:2    | Reached XP level 14. HP: 81/127 MP: 3/19
 17576 | Orc:2    | Found Zaity's Book Emporium.
 17576 | Orc:2    | Found Vank's Antique Armour Shoppe.
 17577 | Orc:2    | Found a one-way gate leading to the halls of Pandemonium.
 17721 | Lair:1   | Entered Level 1 of the Lair of Beasts
 17806 | Lair:1   | Found a frozen archway.
 17820 | IceCv    | Entered an ice cave
 19552 | Lair:2   | Found a staircase to the Swamp.
 19936 | Lair:3   | Found a staircase to the Snake Pit.
 20261 | Lair:3   | Noticed Snorg
 20272 | Lair:3   | Killed Snorg
 20309 | Lair:3   | Found a runed translucent door.
 20315 | Lair:3   | Found a shimmering altar of Xom.
 20315 | Lair:3   | Noticed p0werm0de's ghost (journeyman MiFi)
 20491 | Lair:3   | Reached skill level 14 in Armour
 21222 | Lair:4   | Reached skill level 10 in Invocations
 21255 | Lair:4   | Identified the +8 rapier "Zujad" {freeze, rCorr SInv}
 21270 | Lair:4   | Found a viscous altar of Jiyva.
 21271 | Lair:4   | Found a staircase to the Slime Pits.
 21389 | Lair:4   | Reached XP level 15. HP: 68/137 MP: 21/21
 21915 | Lair:5   | Entered Level 5 of the Lair of Beasts
 21959 | Lair:5   | Identified a scroll of acquirement
 21980 | Lair:5   | Acquired the +1 pair of boots "Coastoer" {rPois Dex+2}
 22393 | Lair:5   | Noticed Sonja
 22396 | Lair:5   | Killed Sonja
 23315 | Snake:1  | Entered Level 1 of the Snake Pit
 23739 | Snake:1  | Identified the +10 dagger of the Freezing Goat {flame,
                  | rPois rF+ Stlth+}
 24423 | Snake:1  | Found Nyogued's Jewellery Emporium.
 24423 | Snake:1  | Found Naddipn's Book Shop.
 24424 | Snake:1  | Found Vajagh's Book Shop.
 24431 | Snake:1  | Bought an amulet of regeneration for 450 gold pieces
 24886 | Snake:2  | Found Wupriy Borgh's General Store.
 24895 | Snake:2  | Bought a potion of heal wounds for 90 gold pieces
 24895 | Snake:2  | Bought a scroll of enchant weapon for 135 gold pieces
 24895 | Snake:2  | Bought a scroll of immolation for 72 gold pieces
 25039 | Snake:2  | Reached skill level 15 in Armour
 25124 | Snake:2  | Found Yly Xuno's Assorted Antiques.
 25144 | Snake:2  | Bought a black potion for 22 gold pieces
 25215 | Snake:2  | Found Teewuhel's Magic Scroll Shoppe.
 25421 | Snake:2  | Found Hutiam's Jewellery Emporium.
 25967 | Snake:3  | Found Iczeehak's Specific Store.
 25969 | Snake:3  | Found Jotuxuuw's General Store.
 25973 | Snake:3  | Bought a potion of might for 64 gold pieces
 25973 | Snake:3  | Bought a scroll of magic mapping for 120 gold pieces
 26384 | Snake:4  | Entered Level 4 of the Snake Pit
 26398 | Snake:4  | Reached XP level 16. HP: 147/147 MP: 23/23
 26458 | Snake:4  | Reached skill level 15 in Shields
 26785 | Snake:4  | Reached skill level 15 in Fighting
 26789 | Snake:4  | Reached skill level 15 in Axes
 26854 | Snake:4  | HP: 7/149 [salamander tyrant (44)]
 27026 | Snake:4  | Reached skill level 10 in Dodging
 27818 | Snake:4  | Got a serpentine rune of Zot
 28173 | Swamp:1  | Entered Level 1 of the Swamp
 28220 | Swamp:1  | Noticed a thorn hunter
 28235 | Swamp:1  | Killed a thorn hunter
 28284 | Swamp:1  | Reached skill level 16 in Armour
 28782 | Swamp:2  | Noticed Louise
 28822 | Abyss:2  | Cast into level 2 of the Abyss (Louise)
 29008 | Abyss:2  | Reached XP level 17. HP: 158/158 MP: 25/25
 29082 | Abyss:2  | Found a corrupted altar of Lugonu.
 29240 | Abyss:2  | Found a corrupted altar of Lugonu.
 29307 | Abyss:2  | Gained mutation: Your body sometimes deteriorates upon
                  | taking damage. [a neqoxec]
 29312 | Abyss:2  | Paralysed by an air elemental for 1 turns
 29317 | Abyss:2  | Paralysed by an air elemental for 1 turns
 29687 | Abyss:4  | Noticed a lich
 29745 | Abyss:4  | Got an abyssal rune of Zot
 29941 | Abyss:4  | Noticed a bone dragon
 29958 | Abyss:4  | Killed a bone dragon
 30070 | Abyss:4  | Gained mutation: You sometimes lose your temper in combat.
                  | [a neqoxec]
 30070 | Abyss:4  | Gained mutation: You are frail. (-10% HP) [a neqoxec]
 30132 | Swamp:2  | Escaped the Abyss
 30150 | Swamp:2  | Killed Louise
 30364 | Swamp:2  | Lost mutation: You sometimes lose your temper in combat.
                  | [potion of mutation]
 30364 | Swamp:2  | Lost mutation: You are frail. (-10% HP) [potion of
                  | mutation]
 30364 | Swamp:2  | Lost mutation: Your body sometimes deteriorates upon taking
                  | damage. [potion of mutation]
 30364 | Swamp:2  | Gained mutation: You are strong-willed. (Will+) [potion of
                  | mutation]
 30364 | Swamp:2  | Gained mutation: You have hidden genetic potential. [potion
                  | of mutation]
 30364 | Swamp:2  | Gained mutation: You are partially covered in iridescent
                  | scales. (AC +2) [potion of mutation]
 30364 | Swamp:2  | Gained mutation: Your movements are slightly less
                  | encumbered by armour. (ER -2) [potion of mutation]
 30506 | Swamp:2  | Found a large runed translucent door.
 30506 | Swamp:2  | Found a large runed translucent door.
 30512 | Swamp:2  | Noticed raph's ghost (adept HOBe)
 30898 | Swamp:2  | Killed raph's ghost
 30899 | Swamp:2  | Reached skill level 17 in Armour
 30959 | Swamp:4  | Entered Level 4 of the Swamp
 31011 | Swamp:4  | Noticed Bai Suzhen
 31041 | Swamp:4  | Killed Bai Suzhen
 31364 | Swamp:4  | Reached XP level 18. HP: 139/168 MP: 26/26
 31896 | Swamp:4  | Got a decaying rune of Zot
 32439 | D:15     | Entered Level 15 of the Dungeon
 32592 | D:15     | Found an ancient bone altar of Kikubaaqudgha.
 32875 | D:15     | Found a staircase to the Depths.
 32890 | Depths:1 | Entered Level 1 of the Depths
 33017 | Depths:1 | Noticed a lich
 33024 | Depths:1 | Killed a lich
 33083 | Depths:1 | Gained mutation: You have a somewhat thin skeletal
                  | structure. (Dex +2, Stealth+) [hidden potential]
 33185 | Depths:1 | Identified the +1 robe of Daxtodd {rC++ SInv Stlth+}
 33486 | Depths:3 | Reached skill level 18 in Armour
 33502 | Depths:3 | Noticed a golden dragon
 33515 | Depths:3 | Killed a golden dragon
 33679 | Depths:3 | Found a one-way gate to the infinite horrors of the Abyss.
 33852 | Depths:3 | Reached XP level 19. HP: 176/178 MP: 28/28
 33892 | Depths:4 | Entered Level 4 of the Depths
 33933 | Depths:4 | Reached skill level 10 in Evocations
 34015 | Depths:4 | Noticed a golden dragon
 34017 | Depths:4 | Found a gateway to Hell.
 34017 | Depths:4 | Noticed a golden dragon
 34027 | Depths:4 | Killed a golden dragon
 34037 | Depths:4 | Killed a golden dragon
 34153 | Depths:4 | Noticed a golden dragon
 34169 | Depths:4 | Killed a golden dragon
 34228 | Depths:4 | Identified the +4 rapier of the Little People {vorpal, rC+
                  | Str+2}
 34314 | Depths:4 | Acquired a manual of Armour
 34508 | Depths:4 | Found a gate to the Realm of Zot.
 34508 | Depths:4 | Noticed a bone dragon
 34508 | Depths:4 | Noticed a golden dragon
 34517 | Depths:4 | Killed a golden dragon
 34546 | Depths:4 | Killed a bone dragon
 34784 | Depths:4 | Gained mutation: You expend magic power (3 MP) to
                  | strengthen your wands. [hidden potential]
 34784 | Depths:4 | Lost mutation: You have hidden genetic potential. [hidden
                  | potential expressed]
 34821 | Depths:4 | Noticed a caustic shrike
 35321 | Depths:4 | Noticed a caustic shrike
 35325 | Depths:4 | Noticed a caustic shrike
 35326 | Depths:4 | Killed a caustic shrike
 35328 | Depths:4 | Killed a caustic shrike
 35328 | Depths:4 | Killed a caustic shrike
 35329 | Depths:4 | Reached skill level 19 in Armour
 35455 | Depths:4 | Noticed a caustic shrike
 35463 | Depths:4 | Killed a caustic shrike
 35635 | Depths:4 | Noticed a caustic shrike
 35635 | Depths:4 | Noticed a caustic shrike
 35635 | Depths:4 | Noticed a caustic shrike
 35635 | Depths:4 | Noticed a caustic shrike
 35635 | Depths:4 | Noticed a caustic shrike
 35642 | Depths:4 | Killed a caustic shrike
 35642 | Depths:4 | Killed a caustic shrike
 35642 | Depths:4 | Killed a caustic shrike
 35642 | Depths:4 | Killed a caustic shrike
 35642 | Depths:4 | Killed a caustic shrike
 35868 | Zot:1    | Entered Level 1 of the Realm of Zot
 35961 | Zot:2    | Noticed a curse toe
 36103 | Zot:2    | Killed a curse toe
 36104 | Zot:2    | Reached XP level 20. HP: 189/189 MP: 30/30
 36680 | Zot:3    | Reached skill level 20 in Armour
 36690 | Zot:3    | Acquired the +5 war axe of Sulphur {vamp, Str+3}
 36735 | Zot:3    | Noticed a golden dragon
 36748 | Zot:3    | Reached skill level 15 in Invocations
 36754 | Zot:3    | Killed a golden dragon
 36890 | Zot:4    | Noticed a golden dragon
 36894 | Zot:4    | Killed a golden dragon
 37400 | Zot:5    | Entered Level 5 of the Realm of Zot
 37415 | Zot:5    | Noticed a golden dragon
 37416 | Zot:5    | Got the Orb of Zot
 37419 | Zot:5    | Noticed a Killer Klown
 37420 | Zot:5    | Noticed a Killer Klown
 37421 | Zot:5    | Noticed a Killer Klown
 37423 | Zot:5    | Noticed an orb of fire
 37423 | Zot:5    | Noticed an orb of fire
 37423 | Zot:5    | Noticed an orb of fire
 37423 | Zot:5    | Noticed an orb of fire
 37423 | Zot:5    | Noticed an orb of fire
 37542 | Zot:1    | Noticed Zixtet Itoti the pandemonium lord
 37542 | Zot:1    | Noticed an ancient lich
 37545 | Zot:1    | Noticed a golden dragon
 37556 | Zot:1    | Killed an ancient lich
 37557 | Zot:1    | HP: 9/191 [storm dragon[Zixtet Itoti] (14)]
 37558 | Zot:1    | Killed Zixtet Itoti the pandemonium lord
 38080 | D:$      | Escaped with the Orb!

Illustrated notes

Levels and vault maps discovered:
D:1:      heliophobic_arrival_ceremonial_halls, layout_loops_corners,
          serial_shops, shop_statue
D:2:      layout_loops_ring, basic_altar, serial_co_window_serial,
          co_window_paths_b, co_window_corner_a, co_window_paths_a,
          co_window_of_opportunity_a, co_window_corner_a, co_window_corner_a,
          co_window_corner_a, co_window_corner_a, co_window_paths_b,
          co_window_corner_cb, co_window_unsneaky_path_d, co_window_cross_2,
          co_window_corner_b, glass_columns_b, glass_columns_b, glass_columns_c,
          glass_columns_a, ebering_ecumenical_altar_box, minmay_hexomino_f4,
          uniq_robin, uniq_natasha
D:3:      layout_loops_corners, minmay_misc_feat_rows, patterned_corridor,
          uniq_terence, uniq_jessica
D:4:      layout_basic, serial_glass, glass_columns_b, glass_columns_b,
          feat_on_display, item_on_display_a, minmay_strange_pillars,
          amcnicky_mini_corridor_feature, uniq_grinder
D:5:      layout_rooms, nicolae_overflow_squiral, lightli_sewer_entry_pipes,
          uniq_eustachio
D:6:      layout_gridville, minmay_temple_entry_poolview, grunt_decor_junction,
          minmay_fractal_squares_diagonal_5
D:7:      layout_layer_cave, gammafunk_ghost_wrathful_warriors, uniq_pikel
D:8:      layout_basic, nicolae_fountain_basement
D:9:      kennysheep_six_static_rooms, layout_cave_pools, uniq_erica,
          uniq_joseph
D:10:     minmay_statue_hallways, layout_long_grid,
          grunt_lair_entry_orc_guard_hut, serial_bayou_crossing
D:11:     layout_rooms, orc_0_dummy, nicolae_qazlal_eye_of_the_storm,
          uniq_erolcha
D:12:     cheibrodos_monumental, layout_basic, serial_shops,
          nicolae_shop_crystal, kennysheep_generic_room_7
D:13:     layout_roguey, grunt_vaults_entry_tiered,
          nicolae_wu_jian_glorious_leap, uniq_frances, uniq_lodul
D:14:     layout_stronghold, fedhas_altar_3, nicolae_hepliaklqana_hippocampus
D:15:     hangedman_depths_entry_try_elsewhere_first, layout_loops_ring,
          old_standard_altar, grunt_ministairs_11
Temple:   mainiacjoe_temple_big_plus
Lair:1:   layout_hall_layers, portal_ice_cave_rime, serial_bayou_pond_b
Lair:2:   layout_regular_city, palyth_hydra_swamp_entry,
          chequers_serial_rivers_large_a
Lair:3:   layout_long_grid, guppyfry_snake_entry_garden, ebering_ghost_xom,
          uniq_snorg
Lair:4:   layout_big_grid, slime_entry_1, grunt_megastairs_5,
          infiniplex_staircase_pool
Lair:5:   minmay_lair_end_enchanted_forest, layout_long_grid,
          nicolae_lair_yak_garden, uniq_sonja
Swamp:1:  layout_basic_swamp, evilmike_swamp_ruin_house_2
Swamp:2:  layout_falls_marsh, ebering_ghost_disaster_area,
          evilmike_swamp_ruin_house_1, nicolae_swamp_well_well_well,
          infiniplex_staircase_pool_2, uniq_louise
Swamp:3:  layout_basic_swamp, evilmike_swamp_ruin_house_6
Swamp:4:  swamp_basic_johnstein, layout_basic_swamp, swamp_pool1,
          nicolae_swamp_some_circles, uniq_bai_suzhen
Snake:1:  layout_chambers, serial_bayou_pond_c, grunt_ministairs_2,
          minmay_shop_grove
Snake:2:  dpeg_oklob_gauntlet, layout_grid_maze, serial_shops,
          nicolae_square_shop, nicolae_take_the_stairs,
          nicolae_shop_advertising_works [nicolae_subvault_shop_adworks],
          drop_trap, nicolae_stop_n_shop_1,
          nicolae_snake_ghostly_warrior_ritual, lemuel_fruit_tree
Snake:3:  layout_onion, nicolae_specific_store
Snake:4:  minmay_snake_end_coiled, layout_cave_town
Orc:1:    layout_diamond_mine, basic_altar
Orc:2:    pf_orc_diabolical, layout_caves, serial_shops, nicolae_diamond_shop
Depths:1: layout_basic, enter_ziggurat_d, grunt_pan_entry_spiral,
          xom_teletrap_fun, hell_entry, guppyfry_shop_blood
Depths:2: cheibrodos_leafed_vault, layout_gridlike, minmay_misc_feat_encased,
          hellmouth_1, rand_demon_pan_entry_7
Depths:3: minmay_guarded_unrand_sceptre_of_torment, layout_cave_pools,
          minmay_room_of_horrors, grunt_hell_entry_dis_old,
          nicolae_trove_entry_isolated, muffindrake_ghost_dual_entry
Depths:4: grunt_x_marks_the_spot, layout_long_grid, hell_entry, pan_entry,
          minmay_large_rounded_square, serial_bayou_shore_b
Zot:1:    layout_gridlike, grunt_megastairs_4
Zot:2:    kennysheep_blocky_room, layout_misc_corridors, uniq_josephina
Zot:3:    layout_twisted_circle
Zot:4:    ebering_greatest_show_in_zot, layout_basic, skrybe_zot_glass_1
Zot:5:    layout_gridlike

Skill      XL: |  1  2  3  4  5  6  7  8  9 10 11 12 13 14 15 16 17 18 19 20 |
---------------+-------------------------------------------------------------+-----
Fighting       | 4 5 6 7 8 9 10 11 12 13 14 15 16 17 18 19 | 19.3
Axes           | 3 4 5 6 8 9 10 11 12 13 14 15 16 17 18 19 | 19.3
Armour         | 4 5 6 7 8 9 10 12 13 14 15 16 17 18 19 20 | 20.9
Dodging        | 1 2 3 4 5 6 7 8 9 10 11 12 13 | 13.0
Shields        | 4 5 6 7 8 9 10 11 12 14 15 16 17 18 19 | 19.4
Evocations     | 1 2 3 4 5 6 7 8 9 10 11 | 11.0
Invocations    | 3 4 6 7 8 10 11 12 13 14 15 | 15.4

Action                   |  1- 3 |  4- 6 |  7- 9 | 10-12 | 13-15 | 16-18 | 19-21 || total
-------------------------+-------+-------+-------+-------+-------+-------+-------++-------
Melee: War axe           |    78 |   152 |   140 |       |       |  1569 |   692 ||  2631
       Headbutt          |     8 |    22 |    45 |    94 |   302 |   481 |   226 ||  1178
       Hand axe          |       |       |   101 |   394 |  1189 |       |       ||  1684
Throw: Throwing net      |       |       |       |     4 |       |       |       ||     4
Invok: Slouch            |       |       |       |     2 |     9 |    18 |    18 ||    47
       Bend Time         |       |       |       |     2 |       |       |       ||     2
       Temporal Distorti |       |       |       |       |       |     2 |       ||     2
Evoke: Wand              |       |       |       |    15 |     2 |     2 |     2 ||    21
  Use: Potion            |     2 |     1 |     1 |     2 |     3 |    11 |    17 ||    37
       Scroll            |       |     3 |     8 |     5 |    14 |    18 |    18 ||    66
 Stab: Held in net/web   |       |       |       |     2 |       |       |       ||     2
       Distracted        |       |       |       |       |       |     1 |     1 ||     2
       Invisible         |       |       |       |       |       |       |     8 ||     8
Armor: Scale mail        |    17 |    52 |    74 |    31 |       |       |       ||   174
       Plate armour      |       |       |       |   122 |   406 |   821 |       ||  1349
       Gold dragon scale |       |       |       |       |       |     7 |   442 ||   449
Dodge: Dodged            |    28 |    35 |   119 |   170 |   451 |   869 |   373 ||  2045
Block: Buckler           |    39 |    67 |   113 |   250 |    63 |       |       ||   532
       Reflection        |       |     4 |     5 |    11 |    39 |       |       ||    59
       Kite shield       |       |       |       |       |   986 |   263 |       ||  1249
       Tower shield      |       |       |       |       |       |  1677 |   950 ||  2627
